 Dungeon Crawl Stone Soup version 0.31-a0-259-g771a54ca4b (webtiles) character file.

Game seed: 15387519499057854958

22618 qw the Marksgargoyle (level 13, -5/83 HPs)
             Began as a Gargoyle Hexslinger on July 13, 2023.
             Was an Elder of Okawaru.
             Slain by an elephant (20 damage)
             ... on level 3 of the Lair of Beasts.
             The game lasted 00:05:38 (10707 turns).

qw the Marksgargoyle (Gargoyle Hexslinger)         Turns: 10707, Time: 00:05:39

Health: -5/83      AC:  0    Str:  9    XL:     13   Next: 1%
Magic:  18/18      EV: 17    Int: 16    God:    Okawaru [****..]
Gold:   523        SH:  0    Dex: 16    Spells: 13/14 levels left

rFire   . . .        Y - melded +9 longbow (flame)
rCold   . . .        (shield currently unavailable)
rNeg    + . .        l - melded +0 troll leather armour
rPois   inf          o - melded +1 helmet
rElec   .            (cloak currently unavailable)
rCorr   .            c - melded +2 pair of gloves
SInv    .            d - melded +1 pair of boots
Will    .....        (no amulet)
Stlth   +            h - melded +6 ring of dexterity
HPRegen 0.33/turn    (ring currently unavailable)
MPRegen 0.16/turn

%: no passive effects
@: about to teleport, pig-form, very quick
A: fast, no casting, sickness immunity, AC +9, small, negative energy resistance
1, (electricity resistance), torment resistance 1, petrification resistance,
(fire resistance 1), weak 1, wild magic 1
a: Renounce Religion, Heroism, Finesse


You were on level 3 of the Lair of Beasts.
You worshipped Okawaru.
Okawaru was greatly pleased with you.
You were a filthy swine.
You visited 3 branches of the dungeon, and saw 15 of its levels.

You collected 542 gold pieces.
You spent 19 gold pieces at shops.


Innate Abilities, Weirdness & Mutations

You are a filthy swine.
You move quickly.
Your equipment is almost entirely melded.
You are incapable of wielding weapons or throwing items.
You cannot cast spells.
You are immune to sickness and miasma.
((Your stone body is resilient. (AC +9)))
You are immune to poison.
You resist negative energy. (rN+)
((You are resistant to electric shocks. (rElec)))
You are resistant to unholy torment.
You are immune to petrification.
((Your flesh is heat resistant. (rF+)))
You are weak. (Str -2)
Your spells are a little harder to cast, but a little more powerful.


   Skills:
 + Level 10.4 Fighting
 - Level 16.0 Ranged Weapons
 - Level 5.1 Armour
 - Level 6.0 Dodging
 - Level 1.0 Spellcasting
 - Level 2.6 Hexes
 + Level 6.9 Invocations


You had 13 spell levels left.
You knew the following spells:

 Your Spells              Type           Power      Damage    Failure   Level
a - Slow                  Hex            48%        N/A       12%         1

Your spell library contained the following spells:

 Spells                   Type           Power      Damage    Failure   Level
 Inner Flame              Hex/Fire       6%         N/A       45%         3
 Portal Projectile        Hex/Tloc       12%        N/A       45%         3
 Cause Fear               Hex            6%         N/A       67%         4

Inventory:

Hand Weapons
 Y - a +9 longbow of flaming (melded)
Armour
 c - a +2 pair of gloves (melded)
 d - a +1 pair of boots (melded)
 l - a +0 troll leather armour (melded)
 o - a +1 helmet (melded)
Jewellery
 h - a +6 ring of dexterity (melded)
 i - a ring of fire
Scrolls
 b - 3 scrolls of teleportation
 g - 6 scrolls of identify
Potions
 e - 2 potions of resistance
 j - a potion of haste
 k - 3 potions of curing
 n - a potion of might
 p - 2 potions of mutation

Dungeon Overview and Level Annotations

Branches:
Dungeon (11/15)            Temple (1/1) D:5            Lair (3/5) D:11
 Spider (0/4) Lair:2          Orc (0/2) D:10
  Swamp: Lair:2-3    Shoals: Lair:2-3

Altars:
Ashenzari
Cheibriados
Dithmenos
Elyvilon
Fedhas
Gozag
Hepliaklqana
Kikubaaqudgha
Makhleb
Nemelex Xobeh
Okawaru
Qazlal
Ru
Sif Muna
Trog
Uskayaw
Vehumet
Wu Jian
Xom
Yredelemnul
Zin
The Shining One

Shops:
D:2 *

Annotations:
Lair:1 exclusion: oklob plant
Lair:3 Kirke


Message History

A dream sheep comes into view. x2
The merfolk closely misses you. The hog closely misses you.
The merfolk siren chants its luring song.
You closely miss the hog.
The hog is heavily wounded.
The dream sheep bleats!
The hog splashes around in the water.
You hear some strange, mumbled words.
Something tries to affect you, but you resist.
The merfolk siren chants its luring song.
The merfolk hits you from afar with a +0 trident!
The merfolk siren chants its luring song.
You hear a shout!
You completely miss the hog.
The hog is heavily wounded.
The hog bites you! Something hits you!
The merfolk siren chants its luring song.
The merfolk completely misses you. The hog misses you.
The merfolk siren chants its luring song.
The hog splashes around in the water.
The torpor snail closely misses you.
You hit the hog.
The hog is heavily wounded.
The hog bites you. Something hits you. The hog closely misses you.
The merfolk completely misses you.
The merfolk siren chants its luring song.
The torpor snail completely misses you.
You barely miss the hog.
The hog is heavily wounded.
Your surroundings suddenly seem different. 5 elephants come into view.
You feel like a meek peon again.
You are no longer entranced.
The elephant trumpets! x5
Autopickup is now on.
10707 ||| READING 4 scrolls of teleportation.
As you read the scroll of teleportation, it crumbles to dust.
You feel strangely unstable.
You feel yourself speed up. The elephant misses you.
The elephant closely misses you.
The elephant misses you. x2; The elephant tramples you!!
You die...

##
##.##
...##
##...#
#...P#
#Yh.#
#.YY..#
##YY###
....
.....
#.###..
## #.
..


You could see 5 elephants.

Vanquished Creatures
  A two-headed ogre (D:11)
  Nergalle (Lair:2)
  A deep elf pyromancer (D:11)
  An ugly thing (D:11)
  6 oklob plants
  2 black mambas
  4 cane toads
  Maggie (D:7)
  3 komodo dragons
  3 kobold demonologists (D:11)
  2 rime drakes (Lair:1)
  A hornet (D:10)
  2 trolls (D:11)
  A polar bear (Lair:2)
  3 blink frogs (Lair:1)
  2 shadows
  A jumping spider (Lair:2)
  A water elemental (D:11)
  Sigmund (D:3)
  4 wraiths
  21 yaks
  2 wyverns
  4 hogs (Lair:3)
  2 redbacks (Lair:2)
  3 basilisks
  Duvessa (D:7)
  9 water moccasins
  2 ice beasts
  5 orc warriors
  A sky beast (D:7)
  6 black bears
  5 centaurs
  An ogre (D:7)
  7 wolves
  3 phantoms
  3 kobold brigands (D:11)
  10 bullfrogs
  3 gnoll sergeants
  Dowan (D:7)
  26 killer bees
  2 electric eels
  3 howler monkeys
  A jelly (D:6)
  2 hounds
  5 orc priests
  2 iguanas
  A sleepcap (D:6)
  4 orc wizards
  20 gnolls
  10 adders
  2 white imps
  3 ufetubi
  4 worms
  7 dart slugs
  43 orcs
  A bat zombie (D:9)
  5 endoplasms
  3 giant cockroaches
  5 hobgoblins
  14 jackals
  7 quokkas
  6 ball pythons
  4 bats
  5 frilled lizards
  8 goblins
  6 kobolds
  8 rats
  2 rat zombies (D:9)
339 creatures vanquished.

Notes
Turn   | Place    | Note
-------+----------+-------------------------------------------
     0 | D:1      | qw the Gargoyle Hexslinger began the quest for the Orb.
     0 | D:1      | Reached XP level 1. HP: 12/12 MP: 2/2
     0 | D:1      | 0 ||| qw: Version: 0.3-a-52-g30416fa
     0 | D:1      | 0 ||| qw: Game counter: 6850
     0 | D:1      | 0 ||| qw: Melee chars always use a shield: true
     0 | D:1      | 0 ||| qw: God list: Okawaru
     0 | D:1      | 0 ||| qw: Allow faded altars: false
     0 | D:1      | 0 ||| qw: Do Orc after clearing Dungeon:15 true
     0 | D:1      | 0 ||| qw: Do second Lair branch before Depths: true
     0 | D:1      | 0 ||| qw: Lair rune preference: random
     0 | D:1      | 0 ||| qw: Goals: Normal
     0 | D:1      | 0 ||| PLANNING D:1-11
    92 | D:1      | Reached XP level 2. HP: 16/16 MP: 3/3
   165 | D:1      | Reached skill level 3 in Ranged Weapons
   314 | D:1      | HP: 4/16 [quokka (3)]
   382 | D:1      | Reached XP level 3. HP: 21/21 MP: 4/4
   568 | D:1      | 568 ||| SWAPPING to +0 shortbow.
   569 | D:1      | 569 ||| DROPPING +1 sling.
   625 | D:1      | 625 ||| UPGRADING to +0 pair of boots.
   630 | D:1      | 630 ||| UPGRADING to +0 leather armour.
   640 | D:1      | 640 ||| DROPPING +0 robe.
   641 | D:1      | 641 ||| READING scroll labelled MUDO ON JOOJU.
   642 | D:1      | 642 ||| READING scroll labelled QOZXACYSES.
   643 | D:1      | 643 ||| READING scroll labelled TAHAGA KEMOYR.
   644 | D:1      | 644 ||| READING scroll labelled FUDWOTR GOALE.
   645 | D:1      | 645 ||| DROPPING scroll of poison.
   729 | D:2      | Found Cozoaff's Assorted Antiques.
   741 | D:2      | 741 ||| SHOPLISTING cloak (85 gold, have 27).
   741 | D:2      | 741 ||| SHOPLISTING glowing orcbow (123 gold, have 27).
   741 | D:2      | 741 ||| SHOPLISTING pair of gloves (85 gold, have 27).
   741 | D:2      | 741 ||| SHOPLISTING ring mail (76 gold, have 27).
   741 | D:2      | 741 ||| BUYING scroll labelled REFAQI MEILUI (19 gold).
   741 | D:2      | Bought a scroll labelled REFAQI MEILUI for 19 gold pieces
   741 | D:2      | 741 ||| SHOPLISTING scroll of identify (38 gold, have 8).
  1002 | D:2      | Reached XP level 4. HP: 22/26 MP: 5/5
  1132 | D:2      | Reached skill level 4 in Ranged Weapons
  1322 | D:2      | 1322 ||| READING scroll labelled WEXADYFRODGH.
  1323 | D:2      | 1323 ||| READING scroll labelled REFAQI MEILUI.
  1324 | D:2      | 1324 ||| READING scroll labelled VYCLIS KUETODAVI.
  1344 | D:2      | 1344 ||| READING scroll labelled SITHYEQOAF.
  1344 | D:2      | Identified a scroll of acquirement
  1344 | D:2      | 1344 ||| ACQUIRING +3 longbow of freezing
  1344 | D:2      | Acquired a +3 longbow of freezing
  1346 | D:2      | 1346 ||| SWAPPING to +3 longbow of freezing.
  1347 | D:2      | 1347 ||| DROPPING +1 shortbow.
  1348 | D:2      | 1348 ||| READING 2 scrolls labelled ZIOFAFI CESIS.
  1353 | D:2      | 1353 ||| DRINKING 3 fizzy purple potions.
  1354 | D:2      | 1354 ||| DRINKING 2 white potions.
  1355 | D:2      | 1355 ||| DROPPING 2 potions of magic.
  1385 | D:3      | Noticed Sigmund
  1394 | D:3      | Killed Sigmund
  1395 | D:3      | Reached skill level 6 in Ranged Weapons
  1395 | D:3      | Reached XP level 5. HP: 30/30 MP: 6/6
  1395 | D:3      | Reached XP level 6. HP: 35/35 MP: 7/7
  1423 | D:3      | 1423 ||| READING scroll of enchant weapon.
  1423 | D:3      | 1423 ||| ENCHANTING +3 longbow of freezing.
  1672 | D:3      | 1672 ||| READING scroll of enchant armour.
  1672 | D:3      | 1672 ||| ENCHANTING +0 pair of boots.
  1804 | D:3      | 1804 ||| READING scroll labelled ZOODUI UTENUX.
  1805 | D:3      | 1805 ||| DRINKING 3 emerald potions.
  1829 | D:4      | Found a radiant altar of Vehumet.
  1863 | D:4      | Reached skill level 3 in Fighting
  1868 | D:4      | Reached skill level 1 in Armour
  1931 | D:4      | 1931 ||| FLEEEEING.
  1932 | D:4      | 1932 ||| FLEEEEING.
  1933 | D:4      | 1933 ||| FLEEEEING.
  1934 | D:4      | 1934 ||| FLEEEEING.
  2015 | D:4      | Reached XP level 7. HP: 37/43 MP: 8/8
  2350 | D:4      | 2350 ||| UPGRADING to +0 pair of gloves.
  2355 | D:4      | 2355 ||| UPGRADING to +0 ring mail.
  2365 | D:4      | 2365 ||| DROPPING +0 leather armour.
  2366 | D:4      | 2366 ||| UPGRADING to +0 helmet.
  2371 | D:4      | 2371 ||| DRINKING 2 metallic sapphire potions.
  2372 | D:4      | 2372 ||| DRINKING 2 sedimented sapphire potions.
  2373 | D:4      | 2373 ||| READING 3 scrolls of identify.
  2373 | D:4      | 2373 ||| IDENTIFYING clear potion
  2374 | D:4      | 2374 ||| READING 2 scrolls of identify.
  2374 | D:4      | 2374 ||| IDENTIFYING bubbling silvery potion
  2375 | D:4      | 2375 ||| DROPPING potion of brilliance.
  2376 | D:4      | 2376 ||| DROPPING potion of degeneration.
  2377 | D:4      | 2377 ||| DROPPING potion of lignification.
  2378 | D:4      | 2378 ||| DROPPING potion of invisibility.
  2408 | D:5      | Entered Level 5 of the Dungeon
  2412 | D:5      | Found a staircase to the Ecumenical Temple.
  2413 | D:5      | 2413 ||| PLANNING TEMPLE
  2421 | Temple   | Entered the Ecumenical Temple
  2467 | Temple   | 2467 ||| PLANNING D:1-11
  2531 | D:5      | 2531 ||| READING scroll of enchant armour.
  2531 | D:5      | 2531 ||| ENCHANTING +0 pair of gloves.
  2617 | D:5      | 2617 ||| Stepping ~*~*~tactically~*~*~ (outnumbered).
  2797 | D:5      | 2797 ||| READING scroll of enchant armour.
  2797 | D:5      | 2797 ||| ENCHANTING +1 pair of gloves.
  2862 | D:5      | Reached skill level 7 in Ranged Weapons
  2912 | D:5      | 2912 ||| Stepping ~*~*~tactically~*~*~ (outnumbered).
  3358 | D:6      | Reached XP level 8. HP: 48/48 MP: 9/9
  3365 | D:6      | Reached skill level 8 in Ranged Weapons
  3587 | D:6      | Found a shimmering blue altar of Sif Muna.
  3858 | D:7      | Reached skill level 9 in Ranged Weapons
  3897 | D:7      | Reached skill level 3 in Armour
  4072 | D:7      | HP: 11/51 [killer bee (6)]
  4073 | D:7      | 4073 ||| READING 2 scrolls of teleportation.
  4073 | D:7      | HP: 5/51 [killer bee (6)]
  4123 | D:7      | Reached skill level 6 in Fighting
  4123 | D:7      | Reached XP level 9. HP: 19/55 MP: 10/10
  4388 | D:7      | Noticed Duvessa
  4390 | D:7      | Noticed Maggie
  4391 | D:7      | Noticed Dowan
  4393 | D:7      | Killed Duvessa
  4401 | D:7      | Killed Maggie
  4402 | D:7      | Reached skill level 10 in Ranged Weapons
  4402 | D:7      | Killed Dowan
  4635 | D:7      | 4635 ||| Stepping ~*~*~tactically~*~*~ (outnumbered).
  4655 | D:7      | 4655 ||| FLEEEEING.
  4656 | D:7      | 4656 ||| FLEEEEING.
  4666 | D:7      | 4666 ||| FLEEEEING.
  4667 | D:7      | 4667 ||| FLEEEEING.
  5002 | D:7      | 5002 ||| UPGRADING to +0 steam dragon scales.
  5012 | D:7      | 5012 ||| DROPPING +0 ring mail.
  5188 | D:8      | Reached skill level 3 in Dodging
  5262 | D:8      | Reached skill level 11 in Ranged Weapons
  5285 | D:8      | Found a hide-covered altar of Uskayaw.
  5295 | D:8      | 5295 ||| READING scroll of enchant weapon.
  5295 | D:8      | 5295 ||| ENCHANTING +4 longbow of freezing.
  5432 | D:8      | 5432 ||| Stepping ~*~*~tactically~*~*~ (outnumbered).
  5438 | D:8      | Reached XP level 10. HP: 63/63 MP: 11/11
  5888 | D:8      | Found a blossoming altar of Fedhas.
  5952 | D:8      | 5952 ||| DRINKING 2 black potions.
  5952 | D:8      | Gained mutation: Your spells are a little harder to cast,
                  | but a little more powerful. [potion of mutation]
  5952 | D:8      | Gained mutation: You are weak. (Str -2) [potion of
                  | mutation]
  5952 | D:8      | Gained mutation: Your flesh is heat resistant. (rF+)
                  | [potion of mutation]
  5953 | D:8      | 5953 ||| READING 2 scrolls of identify.
  5953 | D:8      | 5953 ||| IDENTIFYING fizzy puce potion
  6259 | D:9      | Found a stormy altar of Qazlal.
  6321 | D:9      | 6321 ||| READING scroll of enchant armour.
  6321 | D:9      | 6321 ||| ENCHANTING +0 steam dragon scales.
  6466 | D:9      | Found an ancient bone altar of Kikubaaqudgha.
  6656 | D:9      | 6656 ||| Stepping ~*~*~tactically~*~*~ (outnumbered).
  6658 | D:9      | 6658 ||| Stepping ~*~*~tactically~*~*~ (outnumbered).
  6660 | D:9      | 6660 ||| Stepping ~*~*~tactically~*~*~ (outnumbered).
  6710 | D:9      | 6710 ||| DROPPING +0 robe of willpower.
  6711 | D:9      | 6711 ||| DROPPING ring of flight.
  6712 | D:9      | 6712 ||| READING 2 scrolls of identify.
  6712 | D:9      | 6712 ||| IDENTIFYING bubbling inky potion
  6768 | D:10     | Entered Level 10 of the Dungeon
  6778 | D:10     | Found an opulent altar of Gozag.
  6858 | D:10     | Reached skill level 12 in Ranged Weapons
  7099 | D:10     | Found an iron altar of Okawaru.
  7100 | D:10     | 7100 ||| PLANNING OKAWARU WORSHIP
  7100 | D:10     | 7100 ||| UPGRADING to +6 ring of dexterity.
  7185 | D:10     | Became a worshipper of Warmaster Okawaru
  7186 | D:10     | 7186 ||| PLANNING D:1-11
  7268 | D:10     | 7268 ||| Stepping ~*~*~tactically~*~*~ (outnumbered).
  7282 | D:10     | Found a staircase to the Orcish Mines.
  7525 | D:11     | 7525 ||| READING scroll of enchant weapon.
  7525 | D:11     | 7525 ||| ENCHANTING +5 longbow of freezing.
  7539 | D:11     | Reached * piety under Okawaru
  7540 | D:11     | Reached XP level 11. HP: 68/68 MP: 12/12
  7540 | D:11     | 7540 ||| INVOKING Heroism.
  7543 | D:11     | Reached skill level 13 in Ranged Weapons
  7556 | D:11     | Reached skill level 1 in Invocations
  7665 | D:11     | Noticed a deep elf pyromancer
  7670 | D:11     | Killed a deep elf pyromancer
  7671 | D:11     | Reached skill level 9 in Fighting
  7690 | D:11     | Noticed a two-headed ogre
  7691 | D:11     | 7691 ||| INVOKING Heroism.
  7706 | D:11     | Killed a two-headed ogre
  7706 | D:11     | Reached ** piety under Okawaru
  7707 | D:11     | Reached skill level 3 in Invocations
  7713 | D:11     | 7713 ||| FLEEEEING.
  7714 | D:11     | 7714 ||| FLEEEEING.
  7735 | D:11     | 7735 ||| INVOKING Heroism.
  7764 | D:11     | Noticed a red ugly thing
  7773 | D:11     | 7773 ||| INVOKING Heroism.
  7776 | D:11     | Killed a red ugly thing
  8121 | D:11     | Found a staircase to the Lair.
  8122 | D:11     | 8122 ||| INVOKING Heroism.
  8153 | D:11     | 8153 ||| INVOKING Heroism.
  8200 | D:11     | 8200 ||| Stepping ~*~*~tactically~*~*~ (outnumbered).
  8202 | D:11     | 8202 ||| Stepping ~*~*~tactically~*~*~ (outnumbered).
  8222 | D:11     | Reached skill level 14 in Ranged Weapons
  8395 | D:11     | 8395 ||| PLANNING LAIR
  8395 | D:11     | 8395 ||| UPGRADING to +0 troll leather armour.
  8405 | D:11     | 8405 ||| DROPPING +1 steam dragon scales.
  8406 | D:11     | 8406 ||| READING scroll labelled NOIJETH TOJYON.
  8436 | Lair:1   | Entered Level 1 of the Lair of Beasts
  8437 | Lair:1   | 8437 ||| INVOKING Heroism.
  8469 | Lair:1   | 8469 ||| INVOKING Heroism.
  8509 | Lair:1   | Reached *** piety under Okawaru
  8511 | Lair:1   | 8511 ||| INVOKING Heroism.
  8586 | Lair:1   | Reached XP level 12. HP: 77/77 MP: 15/15
  8628 | Lair:1   | 8628 ||| INVOKING Heroism.
  8912 | Lair:1   | 8912 ||| INVOKING Heroism.
  8946 | Lair:1   | 8946 ||| INVOKING Heroism.
  8948 | Lair:1   | Reached skill level 15 in Ranged Weapons
  8967 | Lair:1   | 8967 ||| INVOKING Heroism.
  8987 | Lair:1   | 8987 ||| INVOKING Heroism.
  8988 | Lair:1   | 8988 ||| READING 6 scrolls of identify.
  8988 | Lair:1   | 8988 ||| IDENTIFYING sedimented black potion
  8989 | Lair:1   | 8989 ||| READING 5 scrolls of identify.
  8989 | Lair:1   | 8989 ||| IDENTIFYING fuming orange potion
  8990 | Lair:1   | 8990 ||| DROPPING potion of ambrosia.
  8991 | Lair:1   | 8991 ||| DROPPING potion of attraction.
  9077 | Lair:1   | 9077 ||| INVOKING Heroism.
  9212 | Lair:1   | 9212 ||| INVOKING Heroism.
  9236 | Lair:1   | Reached skill level 6 in Dodging
  9294 | Lair:1   | 9294 ||| READING scroll of enchant armour.
  9294 | Lair:1   | 9294 ||| ENCHANTING +0 helmet.
  9295 | Lair:1   | Identified the +6 short sword "Ytophuqo" {spect, SInv}
  9366 | Lair:1   | 9366 ||| INVOKING Heroism.
  9677 | Lair:2   | 9677 ||| STAIRDANCE
  9681 | Lair:1   | Reached **** piety under Okawaru
  9725 | Lair:2   | 9725 ||| INVOKING Heroism.
  9817 | Lair:2   | Noticed Nergalle
  9818 | Lair:2   | 9818 ||| INVOKING Heroism.
  9829 | Lair:2   | Killed Nergalle
  9857 | Lair:2   | Found a hole to the Spider Nest.
 10062 | Lair:2   | 10062 ||| FLEEEEING.
 10064 | Lair:2   | 10064 ||| FLEEEEING.
 10065 | Lair:2   | 10065 ||| FLEEEEING.
 10066 | Lair:2   | 10066 ||| FLEEEEING.
 10067 | Lair:2   | 10067 ||| FLEEEEING.
 10220 | Lair:2   | 10220 ||| INVOKING Heroism.
 10225 | Lair:2   | Reached skill level 6 in Invocations
 10232 | Lair:2   | Reached skill level 16 in Ranged Weapons
 10257 | Lair:2   | 10257 ||| INVOKING Heroism.
 10432 | Lair:2   | 10432 ||| READING 3 scrolls of enchant weapon.
 10432 | Lair:2   | 10432 ||| ENCHANTING +6 longbow of freezing.
 10433 | Lair:2   | 10433 ||| READING 2 scrolls of enchant weapon.
 10433 | Lair:2   | 10433 ||| ENCHANTING +7 longbow of freezing.
 10434 | Lair:2   | 10434 ||| READING scroll of enchant weapon.
 10434 | Lair:2   | 10434 ||| ENCHANTING +8 longbow of freezing.
 10617 | Lair:2   | 10617 ||| DROPPING scarf of harm.
 10618 | Lair:2   | 10618 ||| READING scroll labelled YNLOD VUABA.
 10619 | Lair:2   | 10619 ||| READING 7 scrolls of identify.
 10619 | Lair:2   | 10619 ||| IDENTIFYING red potion
 10620 | Lair:2   | 10620 ||| DROPPING potion of berserk rage.
 10678 | Lair:3   | 10678 ||| STAIRDANCE
 10685 | Lair:3   | Noticed Kirke
 10686 | Lair:3   | 10686 ||| INVOKING Heroism.
 10698 | Lair:3   | Reached XP level 13. HP: 77/83 MP: 16/18
 10702 | Lair:3   | 10702 ||| READING 5 scrolls of teleportation.
 10704 | Lair:3   | HP: 20/83 [something (17)]
 10707 | Lair:3   | 10707 ||| READING 4 scrolls of teleportation.
 10707 | Lair:3   | Slain by an elephant

Levels and vault maps discovered:
D:1:      mainiacjoe_arrival_reflecting_pool, layout_basic, minmay_cupped
D:2:      kennysheep_six_static_rooms, layout_rooms, serial_shops, shop,
          chequers_serial_rivers_micro_a, grunt_ministairs_6
D:3:      layout_rooms, minmay_misc_feat_rugged, minmay_misc_feat_roman,
          kennysheep_generic_room_13, uniq_sigmund
D:4:      layout_rooms, nicolae_vehumet_altar_sigil
D:5:      layout_loops_ring, minmay_temple_entry_mist, nicolae_letterblocks
          [nicolae_letter_subblock, nicolae_letter_subblock,
          nicolae_letter_subblock, nicolae_letter_subblock,
          nicolae_letter_subblock, nicolae_letter_subblock,
          nicolae_letter_subblock, nicolae_letter_subblock,
          nicolae_letter_subblock, nicolae_letter_subblock,
          nicolae_letter_subblock, nicolae_letter_subblock,
          nicolae_letter_subblock, nicolae_letter_subblock,
          nicolae_letter_subblock, nicolae_letter_subblock,
          nicolae_letter_subblock, nicolae_letter_subblock,
          nicolae_letter_subblock, nicolae_letter_subblock,
          nicolae_letter_subblock, nicolae_letter_subblock,
          nicolae_letter_subblock, nicolae_letter_subblock,
          nicolae_letter_subblock]
D:6:      layout_loops_ring, led_sif_pool
D:7:      layout_basic, uniq_duvessa, uniq_maggie
D:8:      layout_loops_corners, mainiacjoe_overflow_brackets,
          fedhas_altar_fruit_tree
D:9:      layout_loops_ring, mainiacjoe_overflow_catwalk,
          lemuel_zombie_altar_kikubaaqudgha, minmay_misc_feat_four_crosses
D:10:     layout_irregular_city, okawaru_trees_2,
          mainiacjoe_overflow_cross_hatched, david_orc_5, serial_bayou_pond_b,
          kennysheep_nub
D:11:     layout_basic, grunt_lair_entry_orc_guard_hut
Temple:   eino_temple_lava
Lair:1:   minmay_lair_oklob_tunnel, layout_regular_city, grunt_megastairs_3
Lair:2:   dpeg_oklob_gauntlet, layout_cave_pods, spider_nest_entry_a,
          infiniplex_staircase_pool, uniq_nergalle
Lair:3:   layout_small_grid, elwin_shoals_entry_stream,
          portal_ice_cave_entry_pillars_2, infiniplex_staircase_pool_2,
          uniq_kirke

Skill      XL: |  1  2  3  4  5  6  7  8  9 10 11 12 |
---------------+-------------------------------------+-----
Ranged Weapons | 3 6 7 9 11 12 14 16 | 16.0
Fighting       | 2 4 6 7 8 10 | 10.4
Armour         | 1 2 3 4 5 |  5.1
Dodging        | 2 3 5 6 |  6.0
Invocations    | 4 6 |  6.9
Spellcasting   | |  1.0
Hexes          | |  2.6

Action                     |  1- 3 |  4- 6 |  7- 9 | 10-12 | 13-15 || total
---------------------------+-------+-------+-------+-------+-------++-------
  Melee: Unarmed           |       |       |       |       |     4 ||     4
   Fire: Sling             |    87 |       |       |       |       ||    87
         Shortbow          |    53 |    53 |       |       |       ||   106
         Longbow           |       |   100 |   227 |   576 |     4 ||   907
 Invoke: Heroism           |       |       |       |    22 |       ||    22
    Use: Scroll            |     4 |     8 |     6 |    13 |     2 ||    33
         Potion            |       |     3 |     2 |     1 |       ||     6
 Armour: Robe              |    10 |       |       |       |       ||    10
         Leather armour    |     7 |    68 |     1 |       |       ||    76
         Ring mail         |       |       |   101 |       |       ||   101
         Steam dragon scal |       |       |    15 |    88 |       ||   103
         Troll leather arm |       |       |       |    32 |       ||    32
  Dodge: Dodged            |    43 |    84 |   112 |   194 |    14 ||   447

Table legend:
 A = Non-vault XP
 B = Vault XP
 C = Vault XP percentage of total XP
 D = Non-vault monster count
 E = Vault monster count
 F = Vault count percentage of total count
                 A         B        C        D         E       F
            +---------+---------+-------+---------+---------+-------
      Total |   23179 |    9133 |  28.3 |     274 |      65 |  19.2
            +---------+---------+-------+---------+---------+-------
        D:1 |      35 |       7 |  16.7 |      19 |       3 |  13.6
        D:2 |      65 |      17 |  20.7 |      18 |       8 |  30.8
        D:3 |      75 |     218 |  74.4 |      25 |       2 |   7.4
        D:4 |     246 |       0 |   0.0 |      21 |       0 |   0.0
        D:5 |     491 |       0 |   0.0 |      13 |       0 |   0.0
        D:6 |     676 |       0 |   0.0 |      12 |       0 |   0.0
        D:7 |    1131 |     611 |  35.1 |      19 |       3 |  13.6
        D:8 |    1172 |       0 |   0.0 |      23 |       0 |   0.0
        D:9 |    1312 |       4 |   0.3 |      30 |       3 |   9.1
       D:10 |    1803 |     816 |  31.2 |      19 |      22 |  53.7
       D:11 |    6350 |     718 |  10.2 |      29 |       5 |  14.7
     Lair:1 |    5084 |    2877 |  36.1 |      22 |       8 |  26.7
     Lair:2 |    4654 |    3078 |  39.8 |      23 |       7 |  23.3
     Lair:3 |      85 |     787 |  90.3 |       1 |       4 |  80.0
            +---------+---------+-------+---------+---------+-------
